 Dungeon Crawl Stone Soup version 0.28-a0-1087-gf3fc490d9d (webtiles) character file.

Game seed: 3067695234484619662

453 devnull the Skirmisher (level 7, -1/61 HPs)
             Began as a Ghoul Fighter on Dec 11, 2021.
             Killed from afar by an orc wizard (7 damage)
             ... with a magic dart
             ... on level 4 of the Dungeon.
             The game lasted 00:06:40 (4238 turns).

devnull the Skirmisher (Ghoul Fighter)              Turns: 4238, Time: 00:06:44

Health: -1/61      AC: 12    Str: 22    XL:     7   Next: 5%
Magic:  6/6        EV:  8    Int:  3    God:
Gold:   177        SH:  0    Dex: 14    Spells: 6/6 levels left

rFire   . . .      SeeInvis .   a - +0 war axe
rCold   + . .      Faith    .   c - +0 buckler
rNeg    + + +      Spirit   .   q - +0 chain mail
rPois   ∞          Reflect  .   (no helmet)
rElec   .          Harm     .   (no cloak)
rCorr   .          Rampage  .   h - +2 pair of gloves
Will    .....                   (no boots)
Stlth   ..........              (no amulet)
HPRegen 0.00/turn               g - +4 ring of slaying
MPRegen 0.10/turn               p - +6 ring of dexterity

@: confused, inhibited regen
A: claws 1, cold resistance 1, negative energy resistance 3, inhibited
regeneration, torment resistance 2
a: no special abilities


You were on level 4 of the Dungeon.
You visited 1 branch of the dungeon, and saw 5 of its levels.

You collected 177 gold pieces.

Inventory:

Hand Weapons
 a - a +0 war axe (weapon)
Missiles
 o - 2 poisoned darts (quivered)
Armour
 c - a +0 buckler (worn)
 h - a +2 pair of gloves (worn)
 q - a +0 chain mail (worn)
Jewellery
 g - a +4 ring of slaying (left hand)
 p - a +6 ring of dexterity (right hand)
Scrolls
 f - a scroll of immolation {unknown}
 j - a scroll of torment
 m - 4 scrolls of teleportation
Potions
 b - a potion of curing {unknown}
 d - a potion of might
 e - 2 potions of brilliance
 i - 2 potions of haste {unknown}
 k - a potion of heal wounds {unknown}
 l - a potion of mutation {unknown}
 n - 2 potions of lignification {unknown}


   Skills:
 + Level 5.1 Fighting
 + Level 3.5 Axes
 + Level 4.2 Armour
 + Level 4.1 Shields


You had 6 spell levels left.
You didn't know any spells.
Your spell library contained the following spells:

 Spells                   Type           Power      Damage    Failure   Level
 Gell's Gravitas          Tloc           0%         N/A       100%        3
 Lesser Beckoning         Tloc           0%         N/A       100%        3
 Teleport Other           Tloc           0%         N/A       100%        3


Dungeon Overview and Level Annotations

Branches:
Dungeon (5/15)
 Temple: D:4-7

Altars:
Dithmenos
Elyvilon
Qazlal
Xom

Shops:
D:4 :


Innate Abilities, Weirdness & Mutations

You thrive by killing the living.
You are immune to poison.
You have sharp fingernails.
Your flesh is cold resistant. (rC+)
You are immune to negative energy. (rN+++)
You do not regenerate when monsters are visible.
You are immune to unholy pain and torment.


Message History

You climb upwards.
Reactivating autopickup.
There is a stone staircase leading down here.
You closely miss the orc warrior.
The orc warrior is lightly wounded.
You closely miss something.
The orc warrior hits you with a +0 mace!
Something hits you.
Deactivating autopickup; reactivate with Ctrl-A.
You hit the orc warrior but do no damage.
The orc warrior is lightly wounded.
You slash something!
The orc warrior hits you but does no damage.
Something hits you but does no damage. The orc warrior closely misses you.
You barely miss the orc warrior.
The orc warrior is lightly wounded.
You completely miss something.
You hear some strange, mumbled words.
A magic dart appears from out of thin air!
The magic dart hits you but does no damage.
The orc warrior hits you with a +0 mace!
Something hits you but does no damage.
You barely miss something. You barely miss the orc warrior.
The orc warrior hits you with a +0 mace!
Something hits you but does no damage.
You hear some strange, mumbled words.
You are confused.
The orc warrior hits you with a +0 mace!
* * * LOW HITPOINT WARNING * * *
Something hits you but does no damage.
Sorry, you're not good enough to have a special ability.
You are too confused!
There is an open door here.
You bump into the rock wall.
The orc warrior hits you with a +0 mace!
* * * LOW HITPOINT WARNING * * *
You hear some strange, mumbled words.
A magic dart appears from out of thin air!
The magic dart hits you!
You die...

##.#......##.##.# #.#
...#......#...#.# #.#
...#......#...#.# #.#
..##......#(..#)# #.#
..........#...#.####.#
..............#.#....#
.######.#.#.#.#...######
.#....#.#.#.#.###......#
................@o..>..#
...#.<#.#.#.#.###{.....#
......†.#.#.#.# #......#
........#.#.#.# #>.....#
........#.#.#.# #......#
......).#<#.#.# #......#
##..#+#.###.#.# #......#
..#.#.#.###.#.# ########
#.#...#.#...#.#


You could see an orc warrior.

Vanquished Creatures
  A water moccasin skeleton (D:2)
  A howler monkey (D:3)
  Ijyb (D:3)
  2 hounds
  Terence (D:3)
  2 orc wizards
  5 gnolls
  6 adders
  An ufetubus (D:4)
  5 worms
  3 dart slugs
  6 orcs
  6 ball pythons
  5 endoplasms
  3 giant cockroaches (D:1)
  8 goblins
  8 hobgoblins
  2 jackals (D:1)
  A quokka (D:1)
  3 bats
  4 frilled lizards
  6 kobolds
  6 rats
86 creatures vanquished.

Vanquished Creatures (others)
  18 plants (D:3)
18 creatures vanquished.

Grand Total: 104 creatures vanquished

Notes
Turn   | Place    | Note
-------+----------+-------------------------------------------
     0 | D:1      | devnull the Ghoul Fighter began the quest for the Orb.
     0 | D:1      | Reached XP level 1. HP: 19/19 MP: 0/0
   201 | D:1      | Found a faded altar of an unknown god.
   416 | D:1      | Reached XP level 2. HP: 26/26 MP: 1/1
  1123 | D:2      | Reached XP level 3. HP: 29/31 MP: 2/2
  1522 | D:2      | Reached XP level 4. HP: 24/40 MP: 3/3
  1531 | D:2      | Reached skill level 4 in Fighting
  2191 | D:2      | Reached XP level 5. HP: 40/46 MP: 4/4
  2565 | D:3      | Noticed Ijyb
  2812 | D:3      | Killed Ijyb
  2813 | D:3      | Reached XP level 6. HP: 50/53 MP: 5/5
  3003 | D:3      | Found a shadowy altar of Dithmenos.
  3221 | D:3      | Noticed Terence
  3230 | D:3      | Killed Terence
  3580 | D:4      | Found a stormy altar of Qazlal.
  3764 | D:4      | Reached skill level 5 in Fighting
  3940 | D:4      | Found Nookog's Book Shoppe.
  4092 | D:4      | Found a shimmering altar of Xom.
  4215 | D:5      | Entered Level 5 of the Dungeon
  4217 | D:5      | Noticed an orc warrior
  4227 | D:5      | Reached XP level 7. HP: 61/61 MP: 6/6
  4238 | D:4      | Killed from afar by an orc wizard

Illustrated notes

Levels and vault maps discovered:
D:1:      psy_arrival_basics, layout_basic, shapermc_ecumenical_altar_rom_forum,
          nrook_campfire
D:2:      layout_basic
D:3:      layout_rooms, mainiacjoe_overflow_two_lobes, grunt_ministairs_4,
          serial_bayou_lake_a, uniq_terence, uniq_ijyb
D:4:      layout_basic, lemuel_doored_altar, kennysheep_mini_moat, serial_shops,
          nicolae_shop_statue_plus, nicolae_wormholes
D:5:      layout_loops_ring, nicolae_tso_carved_into_rock

Skill      XL: |  1  2  3  4  5  6 |
---------------+-------------------+-----
Axes           | 2 3 |  3.5
Shields        | 3 4 |  4.1
Armour         | 3 4 |  4.2
Fighting       | 4 5 |  5.1

Action                   |  1- 3 |  4- 6 |  7- 9 || total
-------------------------+-------+-------+-------++-------
Melee: War axe           |   115 |   137 |     4 ||   256
  Use: Scroll            |       |     6 |       ||     6
Armor: Scale mail        |    67 |    46 |       ||   113
       Chain mail        |       |    31 |     6 ||    37
Dodge: Dodged            |    57 |    64 |     1 ||   122
Block: Buckler           |    28 |    37 |     1 ||    66

Table legend: (Time is in decaauts)
 A = Elapsed time spent in this place.
 B = Non-inter-level travel time spent in this place.
 C = Inter-level travel time spent in this place.
 D = Time resting spent in this place.
 E = Time spent auto-exploring this place.
 F = Levels seen in this place.
 G = Mean time per level.
                   A        B        C        D        E       F      G
               +--------+--------+--------+--------+--------+-----+--------+
         Total |   4377 |   4185 |    192 |    321 |   3084 |   5 |  875.4 |
       Dungeon |   4377 |   4185 |    192 |    321 |   3084 |   5 |  875.4 |
               +--------+--------+--------+--------+--------+-----+--------+

Top non-repeatable levels by time:
     D:2: 1448 daAuts
     D:1: 1143 daAuts
     D:3: 973 daAuts
     D:4: 797 daAuts
     D:5: 14 daAuts
